[ PARTIDA AOE2 · #469737580 ]
UnrankedBohemios vs Khmer
Equipo rival · VICT
[ ANÁLISIS DE REPETICIÓN · EXTRAÍDO DE LA PARTIDA GRABADA ]
Feudal
—
Castillos
—
Imperial
—
| APM promedio | 7.3 |
| APM pico | 21 |
| eAPM promedio | 6.3 |
| Aldeanos / militares | 58 / 6 |
Foco
⚔️ 17.1% · 🌾 82.9%
Trade Cart ×13 · Knight ×6
Feudal
—
Castillos
—
Imperial
—
| APM promedio | 10.3 |
| APM pico | 38 |
| eAPM promedio | 9.2 |
| Aldeanos / militares | 82 / 29 |
Foco
⚔️ 21.1% · 🌾 78.9%
Fire Lancer ×20 · Mangonel ×9 · Trade Cart ×7
Feudal
—
Castillos
—
Imperial
—
| APM promedio | 29.3 |
| APM pico | 176 |
| eAPM promedio | 25.0 |
| Aldeanos / militares | 157 / 149 |
Foco
⚔️ 14.0% · 🌾 86.0%
Scout Cavalry ×112 · Spearman ×16 · Battle Elephant ×16 · Mangonel ×4 · Monk ×1
Mapa de la partida
Recursos iniciales + cada clic de construcción. Líneas = muros · curvas = relieve. ◆ oro · ⬟ piedra · ● bayas · ✦ reliquia · ◌ hueco del cierre
Tu base· ✓ Separados por el mapa
Base de xIxGETxBUCKETZx· ✓ Separados por el mapa
Base de Slimyfellas· ✓ Separados por el mapa
Terreno inicial suavizado · ◌ = hueco del cierre detectado · pasá el cursor para detalles
Inputs por minuto
— TxAR15 - - xIxGETxBUCKETZx
Build order — TxAR15
Primeras 150 de 163 acciones detectadas
| 0:21 | Crear | Villager (Male) |
| 0:22 | Crear | Villager (Male) |
| 0:22 | Crear | Villager (Male) |
| 0:22 | Crear | Villager (Male) |
| 1:11 | Crear | Villager (Male) |
| 1:23 | Construir | House |
| 1:25 | Construir | House |
| 2:21 | Construir | Lumber Camp |
| 2:37 | Crear | Villager (Male) |
| 2:37 | Crear | Villager (Male) |
| 2:38 | Crear | Villager (Male) |
| 2:38 | Crear | Villager (Male) |
| 3:23 | Construir | Mill |
| 3:54 | Investigar | Loom |
| 4:12 | Construir | House |
| 4:16 | Construir | House |
| 5:37 | Construir | House |
| 6:27 | Investigar | Feudal Age |
| 7:42 | Construir | House |
| 7:44 | Construir | House |
| 7:45 | Construir | House |
| 8:41 | Crear | Villager (Male) |
| 8:42 | Crear | Villager (Male) |
| 8:42 | Crear | Villager (Male) |
| 8:42 | Crear | Villager (Male) |
| 8:42 | Crear | Villager (Male) |
| 8:43 | Crear | Villager (Male) |
| 8:43 | Crear | Villager (Male) |
| 8:43 | Crear | Villager (Male) |
| 8:44 | Crear | Villager (Male) |
| 8:44 | Crear | Villager (Male) |
| 9:24 | Construir | Market |
| 9:35 | Construir | Barracks |
| 9:37 | Construir | Barracks |
| 10:09 | Investigar | Double-Bit Axe |
| 10:33 | Construir | Blacksmith |
| 10:45 | Investigar | Horse Collar |
| 11:18 | Construir | Mining Camp |
| 12:37 | Construir | Lumber Camp |
| 13:00 | Construir | Farm |
| 13:04 | Construir | Farm |
| 13:08 | Construir | Farm |
| 13:11 | Construir | Farm |
| 13:15 | Construir | Farm |
| 13:25 | Construir | Farm |
| 13:54 | Construir | Farm |
| 14:09 | Construir | Farm |
| 14:20 | Construir | Farm |
| 15:08 | Crear | Villager (Male) |
| 15:08 | Crear | Villager (Male) |
| 15:09 | Crear | Villager (Male) |
| 15:10 | Crear | Villager (Male) |
| 15:14 | Crear | Villager (Male) |
| 15:14 | Crear | Villager (Male) |
| 15:14 | Crear | Villager (Male) |
| 15:15 | Crear | Villager (Male) |
| 15:15 | Crear | Villager (Male) |
| 15:16 | Crear | Villager (Male) |
| 15:25 | Crear | Trade Cart |
| 15:26 | Crear | Trade Cart |
| 15:26 | Crear | Trade Cart |
| 15:47 | Construir | Farm |
| 16:07 | Construir | Mill |
| 16:31 | Construir | Farm |
| 16:52 | Construir | Farm |
| 17:08 | Construir | Farm |
| 17:17 | Construir | Farm |
| 17:30 | Construir | Farm |
| 17:37 | Construir | Farm |
| 17:44 | Construir | Farm |
| 18:11 | Construir | Farm |
| 18:36 | Construir | Farm |
| 18:40 | Investigar | Castle Age |
| 18:59 | Construir | Barracks |
| 19:24 | Construir | Market |
| 19:31 | Investigar | Forging |
| 19:31 | Investigar | Scale Mail Armor |
| 20:14 | Construir | Mining Camp |
| 20:29 | Construir | Archery Range |
| 20:31 | Construir | Archery Range |
| 21:15 | Crear | Trade Cart |
| 21:15 | Crear | Trade Cart |
| 21:17 | Crear | Trade Cart |
| 21:17 | Crear | Trade Cart |
| 21:35 | Investigar | Scale Barding Armor |
| 21:38 | Investigar | Fletching |
| 21:39 | Investigar | Padded Archer Armor |
| 21:41 | Investigar | Man-at-Arms (upgrade) |
| 21:44 | Investigar | Arson |
| 22:03 | Crear | Villager (Male) |
| 22:03 | Crear | Villager (Male) |
| 22:04 | Crear | Villager (Male) |
| 22:04 | Crear | Villager (Male) |
| 22:04 | Crear | Villager (Male) |
| 22:20 | Construir | Town Center |
| 22:37 | Construir | Town Center |
| 22:50 | Investigar | Iron Casting |
| 23:20 | Investigar | Bow Saw |
| 24:04 | Construir | Town Center |
| 24:17 | Investigar | Caravan |
| 24:21 | Crear | Trade Cart |
| 24:23 | Crear | Trade Cart |
| 24:48 | Crear | Villager (Male) |
| 24:48 | Crear | Villager (Male) |
| 24:48 | Crear | Villager (Male) |
| 24:49 | Crear | Villager (Male) |
| 24:49 | Crear | Villager (Male) |
| 24:56 | Crear | Villager (Male) |
| 25:10 | Construir | House |
| 25:18 | Construir | House |
| 25:19 | Construir | House |
| 25:25 | Construir | House |
| 25:27 | Construir | House |
| 25:37 | Investigar | Elite Skirmisher (upgrade) |
| 25:40 | Investigar | Crossbowman (upgrade) |
| 26:04 | Construir | Stable |
| 26:22 | Crear | Villager (Male) |
| 26:22 | Crear | Villager (Male) |
| 26:23 | Crear | Villager (Male) |
| 26:23 | Crear | Villager (Male) |
| 26:23 | Crear | Villager (Male) |
| 26:40 | Construir | Stone Wall |
| 26:48 | Construir | Stone Wall |
| 27:00 | Crear | Villager (Male) |
| 27:00 | Crear | Villager (Male) |
| 27:00 | Crear | Villager (Male) |
| 27:01 | Crear | Villager (Male) |
| 27:12 | Crear | Trade Cart |
| 27:12 | Crear | Trade Cart |
| 27:15 | Crear | Trade Cart |
| 27:16 | Crear | Trade Cart |
| 27:34 | Construir | Farm |
| 27:35 | Construir | Farm |
| 27:49 | Construir | Stone Wall |
| 28:00 | Construir | Stone Wall |
| 28:17 | Construir | Gate |
| 28:27 | Crear | Villager (Male) |
| 28:27 | Crear | Villager (Male) |
| 28:27 | Crear | Villager (Male) |
| 28:27 | Crear | Villager (Male) |
| 28:28 | Crear | Villager (Male) |
| 28:38 | Construir | Gate |
| 28:40 | Construir | Gate |
| 28:49 | Construir | Stone Wall |
| 29:05 | Construir | Outpost |
| 29:14 | Investigar | Coinage |
| 29:17 | Investigar | Leather Archer Armor |
| 29:26 | Construir | Farm |
| 29:37 | Crear | Villager (Male) |
| 29:42 | Crear | Villager (Male) |
Build order — xIxGETxBUCKETZx
Primeras 150 de 180 acciones detectadas
| 0:04 | Crear | Villager (Male) ×4 |
| 0:18 | Construir | House |
| 0:21 | Construir | House |
| 0:26 | Construir | House |
| 0:56 | Construir | Lumber Camp |
| 1:56 | Crear | Villager (Male) |
| 1:56 | Crear | Villager (Male) |
| 1:56 | Crear | Villager (Male) |
| 2:40 | Crear | Villager (Male) |
| 2:40 | Crear | Villager (Male) |
| 3:31 | Crear | Villager (Male) |
| 3:32 | Crear | Villager (Male) |
| 6:14 | Construir | Mill |
| 6:45 | Construir | Mill |
| 7:09 | Investigar | Feudal Age |
| 8:51 | Crear | Villager (Male) |
| 8:52 | Crear | Villager (Male) |
| 9:08 | Construir | Mining Camp |
| 9:29 | Construir | Blacksmith |
| 9:36 | Construir | Market |
| 11:09 | Construir | Farm |
| 11:23 | Crear | Villager (Male) |
| 11:30 | Investigar | Castle Age |
| 11:41 | Construir | Farm |
| 12:57 | Investigar | Horse Collar |
| 13:01 | Investigar | Double-Bit Axe |
| 13:36 | Construir | Farm |
| 13:58 | Construir | Farm |
| 14:16 | Construir | Farm |
| 14:32 | Crear | Villager (Male) |
| 14:32 | Crear | Villager (Male) |
| 14:33 | Crear | Villager (Male) |
| 14:54 | Construir | Town Center |
| 15:34 | Crear | Villager (Male) |
| 15:57 | Crear | Villager (Male) |
| 16:04 | Construir | Farm |
| 16:04 | Construir | Farm |
| 16:06 | Construir | Farm |
| 16:07 | Construir | Farm |
| 16:16 | Crear | Villager (Male) |
| 16:16 | Crear | Villager (Male) |
| 16:32 | Construir | Farm |
| 16:40 | Construir | Farm |
| 16:49 | Crear | Villager (Male) |
| 16:49 | Crear | Villager (Male) |
| 17:14 | Crear | Villager (Male) |
| 17:14 | Crear | Villager (Male) |
| 17:26 | Investigar | Bow Saw |
| 17:31 | Crear | Villager (Male) |
| 17:31 | Crear | Villager (Male) |
| 17:50 | Construir | House |
| 17:53 | Construir | House |
| 17:56 | Construir | House |
| 17:58 | Construir | House |
| 18:02 | Construir | House |
| 18:23 | Investigar | Heavy Plow |
| 18:57 | Construir | Town Center |
| 19:02 | Construir | Lumber Camp |
| 19:06 | Crear | Villager (Male) |
| 19:06 | Crear | Villager (Male) |
| 19:30 | Crear | Villager (Male) |
| 19:30 | Crear | Villager (Male) |
| 19:37 | Construir | Farm |
| 19:59 | Crear | Villager (Male) |
| 19:59 | Crear | Villager (Male) |
| 20:04 | Construir | Farm |
| 20:14 | Crear | Villager (Male) |
| 20:28 | Construir | House |
| 20:30 | Construir | House |
| 20:32 | Construir | House |
| 20:35 | Crear | Villager (Male) |
| 20:35 | Crear | Villager (Male) |
| 20:35 | Crear | Villager (Male) |
| 20:41 | Construir | Farm |
| 21:05 | Crear | Villager (Male) |
| 21:05 | Crear | Villager (Male) |
| 21:05 | Crear | Villager (Male) |
| 21:13 | Construir | Farm |
| 21:38 | Crear | Villager (Male) |
| 21:38 | Crear | Villager (Male) |
| 21:38 | Crear | Villager (Male) |
| 21:47 | Construir | Barracks |
| 21:51 | Construir | Barracks |
| 21:54 | Construir | Barracks |
| 21:56 | Construir | Barracks |
| 21:59 | Construir | Barracks |
| 22:04 | Crear | Villager (Male) |
| 22:04 | Crear | Villager (Male) |
| 22:04 | Crear | Villager (Male) |
| 22:32 | Crear | Trade Cart |
| 22:37 | Crear | Villager (Male) |
| 22:37 | Crear | Villager (Male) |
| 22:37 | Crear | Villager (Male) |
| 23:04 | Crear | Villager (Male) |
| 23:04 | Crear | Villager (Male) |
| 23:04 | Crear | Villager (Male) |
| 23:10 | Construir | Farm |
| 23:14 | Crear | Trade Cart |
| 23:20 | Construir | Market |
| 23:31 | Crear | Villager (Male) |
| 23:31 | Crear | Villager (Male) |
| 23:31 | Crear | Villager (Male) |
| 24:00 | Crear | Villager (Male) |
| 24:00 | Crear | Villager (Male) |
| 24:00 | Crear | Villager (Male) |
| 24:03 | Crear | Trade Cart |
| 24:10 | Construir | Farm |
| 24:30 | Crear | Villager (Male) |
| 24:30 | Crear | Villager (Male) |
| 24:30 | Crear | Villager (Male) |
| 24:40 | Construir | Stable |
| 24:42 | Construir | Stable |
| 24:44 | Construir | Stable |
| 24:46 | Construir | Stable |
| 24:47 | Construir | Stable |
| 25:02 | Crear | Villager (Male) |
| 25:02 | Crear | Villager (Male) |
| 25:02 | Crear | Villager (Male) |
| 25:16 | Construir | Castle |
| 25:31 | Crear | Trade Cart |
| 25:31 | Crear | Trade Cart |
| 25:35 | Crear | Villager (Male) |
| 25:35 | Crear | Villager (Male) |
| 25:35 | Crear | Villager (Male) |
| 25:53 | Construir | Farm |
| 26:20 | Construir | House |
| 26:23 | Construir | House |
| 26:25 | Construir | House |
| 26:26 | Construir | House |
| 26:28 | Construir | House |
| 26:33 | Construir | House |
| 26:38 | Construir | House |
| 26:41 | Construir | House |
| 26:44 | Construir | House |
| 26:55 | Investigar | Man-at-Arms (upgrade) |
| 26:56 | Investigar | Pikeman (upgrade) |
| 27:21 | Construir | Siege Workshop |
| 27:23 | Construir | Siege Workshop |
| 27:28 | Crear | Villager (Male) |
| 27:28 | Crear | Villager (Male) |
| 27:28 | Crear | Villager (Male) |
| 27:36 | Investigar | Forging |
| 27:38 | Investigar | Scale Barding Armor |
| 28:00 | Crear | Villager (Male) |
| 28:00 | Crear | Villager (Male) |
| 28:00 | Crear | Villager (Male) |
| 28:05 | Construir | Farm |
| 28:19 | Construir | Mining Camp |
| 28:31 | Crear | Villager (Male) |
| 28:31 | Crear | Villager (Male) |
Build order — Slimyfellas
Primeras 150 de 286 acciones detectadas
| 0:03 | Crear | Villager (Male) ×6 |
| 0:17 | Construir | Lumber Camp |
| 1:09 | Crear | Villager (Male) |
| 1:10 | Crear | Villager (Male) |
| 1:10 | Crear | Villager (Male) |
| 1:24 | Construir | House |
| 1:33 | Construir | House |
| 1:39 | Crear | Villager (Male) |
| 1:39 | Crear | Villager (Male) |
| 1:55 | Crear | Villager (Male) |
| 2:24 | Construir | Mill |
| 2:56 | Crear | Villager (Male) |
| 4:20 | Investigar | Feudal Age |
| 5:17 | Construir | Mining Camp |
| 5:22 | Crear | Villager (Male) |
| 5:22 | Crear | Villager (Male) |
| 5:23 | Crear | Villager (Male) |
| 5:24 | Crear | Villager (Male) |
| 5:24 | Crear | Villager (Male) |
| 5:43 | Construir | House |
| 5:46 | Construir | House |
| 5:51 | Construir | House |
| 5:54 | Construir | House |
| 6:55 | Investigar | Castle Age |
| 7:03 | Investigar | Wheelbarrow |
| 7:04 | Crear | Villager (Male) ×8 |
| 7:05 | Crear | Villager (Male) |
| 7:28 | Construir | Mining Camp |
| 7:42 | Construir | Lumber Camp |
| 8:20 | Construir | House |
| 8:23 | Construir | House |
| 8:25 | Construir | House |
| 8:32 | Construir | House |
| 9:19 | Investigar | Double-Bit Axe |
| 9:57 | Construir | Town Center |
| 10:15 | Construir | Town Center |
| 10:26 | Construir | Town Center |
| 10:49 | Construir | Town Center |
| 10:54 | Crear | Villager (Male) |
| 10:54 | Crear | Villager (Male) |
| 10:55 | Crear | Villager (Male) |
| 10:55 | Crear | Villager (Male) |
| 10:55 | Crear | Villager (Male) |
| 11:05 | Construir | House |
| 11:06 | Construir | House |
| 11:07 | Construir | House |
| 11:18 | Construir | House |
| 11:21 | Construir | House |
| 11:22 | Construir | House |
| 11:26 | Construir | House |
| 11:33 | Construir | Farm |
| 11:36 | Construir | Farm |
| 11:38 | Construir | Farm |
| 11:47 | Construir | House |
| 11:48 | Construir | House |
| 11:49 | Construir | House |
| 11:52 | Investigar | Hand Cart |
| 11:54 | Crear | Villager (Male) |
| 12:17 | Crear | Villager (Male) |
| 12:42 | Construir | Farm |
| 12:45 | Construir | Farm |
| 12:46 | Construir | Farm |
| 12:47 | Construir | Farm |
| 12:48 | Construir | Farm |
| 12:51 | Construir | Farm |
| 12:51 | Construir | Farm |
| 12:53 | Construir | Farm |
| 12:53 | Construir | Farm |
| 13:29 | Crear | Villager (Male) |
| 13:29 | Crear | Villager (Male) |
| 13:45 | Construir | Town Center |
| 14:00 | Construir | Monastery |
| 14:08 | Construir | Blacksmith |
| 14:13 | Construir | University |
| 14:41 | Construir | Town Center |
| 14:54 | Crear | Villager (Male) |
| 14:55 | Crear | Villager (Male) ×10 |
| 15:09 | Crear | Villager (Male) |
| 15:09 | Crear | Villager (Male) |
| 15:27 | Construir | Farm |
| 15:28 | Construir | Farm |
| 15:29 | Construir | Farm |
| 15:30 | Construir | Farm |
| 15:34 | Construir | Farm |
| 15:36 | Construir | Farm |
| 15:37 | Construir | Farm |
| 15:38 | Construir | Farm |
| 15:39 | Construir | Farm |
| 15:40 | Construir | Farm |
| 15:42 | Construir | Farm |
| 15:48 | Crear | Villager (Male) |
| 15:48 | Crear | Villager (Male) |
| 15:48 | Crear | Villager (Male) |
| 15:49 | Crear | Villager (Male) |
| 15:49 | Crear | Villager (Male) |
| 16:03 | Crear | Villager (Male) |
| 16:03 | Crear | Villager (Male) |
| 16:03 | Crear | Villager (Male) |
| 16:19 | Crear | Villager (Male) |
| 16:20 | Crear | Villager (Male) |
| 16:20 | Crear | Villager (Male) |
| 16:30 | Crear | Villager (Male) |
| 16:30 | Crear | Villager (Male) |
| 16:46 | Construir | Gate |
| 16:52 | Crear | Villager (Male) ×6 |
| 16:59 | Construir | House |
| 17:02 | Construir | House |
| 17:03 | Construir | House |
| 17:12 | Construir | House |
| 17:14 | Construir | House |
| 17:18 | Construir | House |
| 17:20 | Construir | House |
| 17:22 | Construir | House |
| 17:26 | Construir | House |
| 17:34 | Construir | House |
| 17:38 | Construir | House |
| 17:39 | Construir | House |
| 17:41 | Construir | House |
| 17:46 | Construir | House |
| 17:51 | Crear | Villager (Male) ×15 |
| 17:52 | Crear | Villager (Male) |
| 18:00 | Investigar | Gold Mining |
| 18:03 | Investigar | Stone Mining |
| 18:11 | Investigar | Bow Saw |
| 18:16 | Crear | Villager (Male) |
| 18:16 | Crear | Villager (Male) |
| 18:32 | Construir | Farm |
| 18:33 | Construir | Farm |
| 18:34 | Construir | Farm |
| 18:35 | Construir | Farm |
| 18:36 | Construir | Farm |
| 18:37 | Construir | Farm |
| 18:37 | Construir | Farm |
| 18:39 | Construir | Farm |
| 18:39 | Construir | Farm |
| 18:40 | Construir | Farm |
| 18:53 | Crear | Villager (Male) |
| 19:00 | Crear | Villager (Male) |
| 19:00 | Crear | Villager (Male) |
| 19:00 | Crear | Villager (Male) |
| 19:01 | Crear | Villager (Male) |
| 19:01 | Crear | Villager (Male) |
| 19:02 | Crear | Villager (Male) |
| 19:12 | Construir | Farm |
| 19:13 | Construir | Farm |
| 19:13 | Construir | Farm |
| 19:13 | Construir | Farm |
| 19:16 | Construir | Farm |
| 19:24 | Crear | Villager (Male) |
| 19:24 | Crear | Villager (Male) |
Cronología de la partida
| 9:35 | TxAR15 · first_building Barracks |
| 14:00 | Slimyfellas · first_building Monastery |
| 20:29 | TxAR15 · first_building Archery Range |
| 21:47 | xIxGETxBUCKETZx · first_building Barracks |
| 21:48 | Slimyfellas · first_building Castle |
| 21:59 | Slimyfellas · first_building Siege Workshop |
| 22:34 | Slimyfellas · first_building Stable |
| 24:40 | xIxGETxBUCKETZx · first_building Stable |
| 25:16 | xIxGETxBUCKETZx · first_building Castle |
| 26:04 | TxAR15 · first_building Stable |
| 26:40 | TxAR15 · wall_segment Stone Wall x6 |
| 26:48 | Slimyfellas · wall_segment Stone Wall x9 |
| 26:48 | TxAR15 · wall_segment Stone Wall x12 |
| 27:12 | Slimyfellas · first_building Barracks |
| 27:21 | xIxGETxBUCKETZx · first_building Siege Workshop |
| 27:49 | TxAR15 · wall_segment Stone Wall x14 |
| 28:00 | TxAR15 · wall_segment Stone Wall x13 |
| 28:49 | TxAR15 · wall_segment Stone Wall x10 |
| 30:17 | xIxGETxBUCKETZx · first_market_buy 500 food |
| 30:22 | TxAR15 · first_building Siege Workshop |
| 31:55 | TxAR15 · first_building Castle |
| 32:01 | TxAR15 · resign |
| 34:27 | Slimyfellas · wall_segment Stone Wall x23 |
| 34:43 | Slimyfellas · wall_segment Stone Wall x13 |
[ ANÁLISIS IA · 1 CRÉDITO ]
¿Qué pasó realmente en esta partida?
Wolo.gg analiza cada decisión: build order, eco, micro, errores típicos por bracket. Análisis personalizado por WhatsApp o Discord en 30 segundos.
Guía civ
Bohemios
Perfil
Jugador #20529451